3AA
GLENDALE HERONS @ LANCASTER FARMERS
08/01/2025
 
TOP OF THE 1ST
Glendale Herons batting - Pitching for Lancaster Farmers : RHP Armand Hultman
Pitching: RHP Armand Hultman
Batting: SHB Pedro Vásquez 0-0: Ball
1-0: Called Strike
1-1: SINGLE (Line Drive, 9LS)
Batting: RHB Jordan Hollins 0-0: Ball
1-0: Fly out, F9 (Flyball, 9S)
Batting: RHB Lúcio Sánchez 0-0: Called Strike
0-1: Ball
1-1: Ball
2-1: Foul Ball, location: 2F
2-2: SINGLE (Groundball, 5D)
Pedro Vásquez to second
Batting: RHB Lionel McCloud 0-0: Called Strike
0-1: Foul Ball, location: 2F
0-2: Foul Ball, location: 2F
0-2: Ball
1-2: Fielders Choice at 2nd, 1-4 (Groundball, 15S)
Pedro Vásquez to third
Batting: RHB José Masaferro 0-0: Ball
1-0: Foul Ball, location: 2F
1-1: Foul Ball, location: 2F
1-2: Fly out, F9 (Flyball, 9S)
Top of the 1st over - 0 run(s), 2 hit(s), 0 error(s), 2 left on base; Glendale 0 - Lancaster 0
BOTTOM OF THE 1ST
Lancaster Farmers batting - Pitching for Glendale Herons : LHP José Ortíz
Pitching: LHP José Ortíz
Batting: RHB António Mendoza 0-0: Called Strike
0-1: Ball
1-1: Ball
2-1: Called Strike
2-2: Ground out 5-3 (Groundball, 5)
Batting: RHB Xing-li Wang 0-0: Called Strike
0-1: Called Strike
0-2: Foul Ball, location: 2F
0-2: Foul Ball, location: 2F
0-2: Ball
1-2: Ball
2-2: Fly out, F3 (Popup, 34)
Batting: RHB Showander Descarte 0-0: Ball
1-0: Ball
2-0: Foul Ball, location: 2F
2-1: Ball
3-1: Swinging Strike
3-2: Strikes out swinging
Bottom of the 1st over - 0 run(s), 0 hit(s), 0 error(s), 0 left on base; Glendale 0 - Lancaster 0
TOP OF THE 2ND
Glendale Herons batting - Pitching for Lancaster Farmers : RHP Armand Hultman
Batting: RHB Cristián Lima 0-0: Ball
1-0: Foul Ball, location: 2F
1-1: Foul Ball, location: 2F
1-2: Ball
2-2: SINGLE (Line Drive, 89S)
Batting: RHB Santiago Ramos 0-0: Fly out, F9 (Flyball, 9LM)
Batting: RHB Luis Trevino 0-0: Called Strike
0-1: Ball
1-1: Foul Ball, location: 2F
1-2: Ball
2-2: Ball
3-2: Foul Ball, location: 2F
3-2: Foul Ball, location: 2F
3-2: Ground out 4-3 (Groundball, 34)
Cristián Lima to second
Batting: SHB Raúl Duarte 0-0: Ball
1-0: Ball
2-0: Swinging Strike
2-1: Ground out 4-3 (Groundball, 4)
Top of the 2nd over - 0 run(s), 1 hit(s), 0 error(s), 1 left on base; Glendale 0 - Lancaster 0
BOTTOM OF THE 2ND
Lancaster Farmers batting - Pitching for Glendale Herons : LHP José Ortíz
Batting: LHB Brad Tillman 0-0: Called Strike
0-1: SOLO HOME RUN (Flyball, 9D), Distance : 399 ft
Batting: RHB Henry Womack 0-0: Foul Ball, location: 2F
0-1: Ball
1-1: Ground out 5-3 (Groundball, 56S)
Batting: LHB Ramón Gómez 0-0: Swinging Strike
0-1: Hit by Pitch
Batting: SHB Orlando Miranda 0-0: Ball
1-0: Ball
2-0: Ball
3-0: Called Strike
3-1: Fly out, F4 (Popup, 4)
Batting: RHB António Jiménez 0-0: Ball
Ramón Gómez is caught stealing 2nd base
Bottom of the 2nd over - 1 run(s), 1 hit(s), 0 error(s), 0 left on base; Glendale 0 - Lancaster 1
TOP OF THE 3RD
Glendale Herons batting - Pitching for Lancaster Farmers : RHP Armand Hultman
Batting: SHB Pedro Vásquez 0-0: Swinging Strike
0-1: Ball
1-1: Fly out, F7 (Flyball, 7LS)
Batting: RHB Jordan Hollins 0-0: Called Strike
0-1: Called Strike
0-2: Fly out, F8 (Flyball, 8RM)
Batting: RHB Lúcio Sánchez 0-0: Called Strike
0-1: SINGLE (Groundball, 6D)
Batting: RHB Lionel McCloud 0-0: Called Strike
0-1: Fly out, F9 (Flyball, 9LM)
Top of the 3rd over - 0 run(s), 1 hit(s), 0 error(s), 1 left on base; Glendale 0 - Lancaster 1
BOTTOM OF THE 3RD
Lancaster Farmers batting - Pitching for Glendale Herons : LHP José Ortíz
Batting: RHB António Jiménez 0-0: Called Strike
0-1: Ball
1-1: Ball
2-1: Ball
3-1: SINGLE (Line Drive, 8LS)
Batting: RHB António Gonzáles 0-0: Ball
1-0: Foul Ball, location: 2F
1-1: Ball
2-1: Foul Ball, location: 2F
2-2: Foul Ball, location: 2F
2-2: Foul Ball, location: 2F
2-2: Ball
3-2: Base on Balls
António Jiménez to second
Batting: RHB António Mendoza 0-0: Ball
1-0: Swinging Strike
1-1: Called Strike
1-2: Ball
2-2: Foul Ball, location: 2F
2-2: Strikes out swinging
Batting: RHB Xing-li Wang 0-0: Called Strike
0-1: Foul Ball, location: 2F
0-2: Ball
1-2: SINGLE (Groundball, 34D)
António Jiménez to third
António Gonzáles to second
Runner from 3rd tries for Home, throw and OUT!
António Gonzáles to third
Xing-li Wang to second
Batting: RHB Showander Descarte 0-0: Ball
1-0: Foul Ball, location: 2F
1-1: Called Strike
1-2: Ground out U3 (Groundball, 23)
Bottom of the 3rd over - 0 run(s), 2 hit(s), 0 error(s), 2 left on base; Glendale 0 - Lancaster 1
TOP OF THE 4TH
Glendale Herons batting - Pitching for Lancaster Farmers : RHP Armand Hultman
Batting: RHB José Masaferro 0-0: Foul Ball, location: 2F
0-1: Ball
1-1: Ball
2-1: Called Strike
2-2: Ball
3-2: SINGLE (Line Drive, 6MD)
Batting: RHB Cristián Lima 0-0: Called Strike
0-1: Ball
1-1: Foul Ball, location: 2F
1-2: Grounds into double play, 6-4-3 (Groundball, 56D)
Batting: RHB Santiago Ramos 0-0: Ball
1-0: Fly out, F9 (Flyball, 9S)
Top of the 4th over - 0 run(s), 1 hit(s), 0 error(s), 0 left on base; Glendale 0 - Lancaster 1
BOTTOM OF THE 4TH
Lancaster Farmers batting - Pitching for Glendale Herons : LHP José Ortíz
Batting: LHB Brad Tillman 0-0: Ball
1-0: Called Strike
1-1: Foul Ball, location: 2F
1-2: Ball
2-2: Fly out, F7 (Flyball, 78XD)
Now in LF: José Villegas
Batting: RHB Henry Womack 0-0: Foul Ball, location: 2F
0-1: Ball
1-1: Ball
2-1: Ball
3-1: Base on Balls
Batting: LHB Ramón Gómez 0-0: Swinging Strike
0-1: Ball
1-1: Ball
2-1: Foul Ball, location: 2F
2-2: Ball
3-2: Base on Balls
Henry Womack to second
Batting: SHB Orlando Miranda 0-0: Ball
Henry Womack is caught stealing 3rd base
Ramón Gómez to second
1-0: Foul Ball, location: 2F
1-1: Swinging Strike
1-2: Ball
2-2: Foul Ball, location: 2F
2-2: Fly out, F7 (Flyball, 7)
Bottom of the 4th over - 0 run(s), 0 hit(s), 0 error(s), 1 left on base; Glendale 0 - Lancaster 1
TOP OF THE 5TH
Glendale Herons batting - Pitching for Lancaster Farmers : RHP Armand Hultman
Batting: RHB Luis Trevino 0-0: Ball
1-0: Fly out, F7 (Flyball, 7)
Batting: SHB Raúl Duarte 0-0: TRIPLE (Flyball, 89D)
Batting: RHB José Villegas 0-0: Squeeze Bunt - play at first, runner scores, batter OUT! 5-3
Raúl Duarte scores
Batting: RHB Jordan Hollins 0-0: Foul Ball, location: 2F
0-1: Foul Ball, location: 2F
0-2: Ground out 6-3 (Groundball, 6S)
Top of the 5th over - 1 run(s), 1 hit(s), 0 error(s), 0 left on base; Glendale 1 - Lancaster 1
BOTTOM OF THE 5TH
Lancaster Farmers batting - Pitching for Glendale Herons : LHP José Ortíz
Batting: RHB António Jiménez 0-0: Ball
1-0: Called Strike
1-1: Ground out 4-3 (Groundball, 34)
Batting: RHB António Gonzáles 0-0: Swinging Strike
0-1: SINGLE (Groundball, 56D)
Batting: RHB António Mendoza 0-0: Foul Ball, location: 2F
0-1: Ball
1-1: Swinging Strike
1-2: Ball
2-2: Foul Ball, location: 2F
2-2: Foul Ball, location: 2F
2-2: Strikes out swinging
Batting: RHB Xing-li Wang 0-0: Fly out, F7 (Flyball, 7D)
Bottom of the 5th over - 0 run(s), 1 hit(s), 0 error(s), 1 left on base; Glendale 1 - Lancaster 1
TOP OF THE 6TH
Glendale Herons batting - Pitching for Lancaster Farmers : RHP Armand Hultman
Batting: RHB Lúcio Sánchez 0-0: Foul Ball, location: 2F
0-1: SINGLE (Groundball, 34D)
Batting: RHB Lionel McCloud 0-0: Called Strike
0-1: Hit by Pitch
Lúcio Sánchez to second
Batting: RHB José Masaferro 0-0: Called Strike
0-1: Foul Ball, location: 2F
0-2: Ball
1-2: Foul Ball, location: 2F
1-2: Ground out 5-3 (Groundball, 25)
Lúcio Sánchez to third
Lionel McCloud to second
Batting: RHB Cristián Lima 0-0: Intentional Walk
Batting: RHB Santiago Ramos 0-0: Grounds into double play, 5-4-3 (Groundball, 5)
Top of the 6th over - 0 run(s), 1 hit(s), 0 error(s), 2 left on base; Glendale 1 - Lancaster 1
BOTTOM OF THE 6TH
Lancaster Farmers batting - Pitching for Glendale Herons : LHP José Ortíz
Batting: RHB Showander Descarte 0-0: Called Strike
0-1: Foul Ball, location: 2F
0-2: Ball
1-2: Ball
2-2: Ground out 5-3 (Groundball, 5L)
Batting: LHB Brad Tillman 0-0: Ball
1-0: Ball
2-0: Called Strike
2-1: Called Strike
2-2: Ground out 1-3 (Groundball, 15S)
Batting: RHB Henry Womack 0-0: Foul Ball, location: 2F
0-1: Foul Ball, location: 2F
0-2: SOLO HOME RUN (Line Drive, 89XD), Distance : 434 ft
Batting: LHB Ramón Gómez 0-0: Ground out 4-3 (Groundball, 4)
Bottom of the 6th over - 1 run(s), 1 hit(s), 0 error(s), 0 left on base; Glendale 1 - Lancaster 2
TOP OF THE 7TH
Glendale Herons batting - Pitching for Lancaster Farmers : RHP Armand Hultman
Batting: RHB Luis Trevino 0-0: Ball
1-0: Foul Ball, location: 2F
1-1: Fly out, F9 (Flyball, 89S)
Batting: SHB Raúl Duarte 0-0: Called Strike
0-1: Ball
1-1: SINGLE (Flyball, 8LS)
Pinch Hitting: LHB Héctor Rivera 0-0: Ball
1-0: Ball
Raúl Duarte steals 2nd base
2-0: Fly out, F8 (Line Drive, 8LD)
Runner from 2nd tags up, SAFE at 3rd, no throw
Pinch Hitting: LHB José Rodríguez 0-0: Called Strike
0-1: Ball
1-1: Ball
2-1: SINGLE (Line Drive, 56D)
Raúl Duarte scores
Batting: RHB Lúcio Sánchez 0-0: Ball
1-0: Ball
2-0: Ball
3-0: Hit by Pitch
José Rodríguez to second
Pinch Hitting: LHB Jim Unknown 0-0: Ball
1-0: Ball
2-0: Ball
3-0: Base on Balls
José Rodríguez to third
Lúcio Sánchez to second
Batting: RHB José Masaferro 0-0: Swinging Strike
0-1: Ball
1-1: Ball
2-1: Swinging Strike
2-2: SINGLE (Groundball, 56D)
José Rodríguez scores
Lúcio Sánchez to third
Jim Unknown to second
Runner from 3rd tries for Home, SAFE, no throw
Batting: RHB Cristián Lima 0-0: Ball
1-0: Swinging Strike
1-1: Foul Ball, location: 2F
1-2: Ball
2-2: Fly out, F8 (Flyball, 8RM)
Top of the 7th over - 3 run(s), 3 hit(s), 0 error(s), 2 left on base; Glendale 4 - Lancaster 2
BOTTOM OF THE 7TH
Lancaster Farmers batting - Pitching for Glendale Herons : LHP José Ortíz
Now at 2B: Tom Oglander
Now at SS: Héctor Rivera
Now in LF: Jim Unknown
Batting: SHB Orlando Miranda 0-0: Ball
1-0: Swinging Strike
1-1: Ground out 5-3 (Groundball, 5L)
Batting: RHB António Jiménez 0-0: Called Strike
0-1: Called Strike
0-2: Foul Ball, location: 2F
0-2: Fly out, F6 (Popup, 5D)
Batting: RHB António Gonzáles 0-0: Ball
1-0: Ball
2-0: Called Strike
2-1: Ball
3-1: Base on Balls
Pitching: RHP Guang Wen
Batting: RHB António Mendoza 0-0: Swinging Strike
0-1: Called Strike
0-2: Ball
1-2: Foul Ball, location: 2F
1-2: Ball
Balk!
António Gonzáles to second
2-2: Foul Ball, location: 2F
2-2: Fly out, F9 (Flyball, 9LS)
Bottom of the 7th over - 0 run(s), 0 hit(s), 0 error(s), 1 left on base; Glendale 4 - Lancaster 2
TOP OF THE 8TH
Glendale Herons batting - Pitching for Lancaster Farmers : RHP Armand Hultman
Pitching: RHP Kyle Lucas
Batting: RHB Santiago Ramos 0-0: Ball
1-0: Ball
2-0: Ball
3-0: Called Strike
3-1: Base on Balls
Batting: RHB Luis Trevino 0-0: Sac Bunt - play at second, runner OUT! 1-6
Batting: SHB Raúl Duarte 0-0: Ball
1-0: Foul Ball, location: 2F
1-1: Foul Ball, location: 2F
1-2: Ball
2-2: Fielders Choice at 2nd, 5-4 (Groundball, 56)
Batting: LHB Héctor Rivera 0-0: Ball
1-0: Foul Ball, location: 2F
1-1: Ball
2-1: Ground out 4-3 (Groundball, 34)
Top of the 8th over - 0 run(s), 0 hit(s), 0 error(s), 1 left on base; Glendale 4 - Lancaster 2
BOTTOM OF THE 8TH
Lancaster Farmers batting - Pitching for Glendale Herons : RHP Guang Wen
Batting: RHB Xing-li Wang 0-0: Ball
1-0: Ball
2-0: Ball
3-0: Called Strike
3-1: Ground out 1-3 (Groundball, 13S)
Batting: RHB Showander Descarte 0-0: Swinging Strike
0-1: Ball
1-1: Foul Ball, location: 2F
1-2: Strikes out swinging
Batting: LHB Brad Tillman 0-0: Ball
1-0: Fly out, F4 (Line Drive, 4)
Bottom of the 8th over - 0 run(s), 0 hit(s), 0 error(s), 0 left on base; Glendale 4 - Lancaster 2
TOP OF THE 9TH
Glendale Herons batting - Pitching for Lancaster Farmers : RHP Kyle Lucas
Batting: SHB Tom Oglander 0-0: Ball
1-0: Foul Ball, location: 2F
1-1: Fly out, F3 (Popup, 3L)
Batting: RHB Lúcio Sánchez 0-0: Called Strike
0-1: Called Strike
0-2: SINGLE (Groundball, 56D)
Batting: LHB Jim Unknown 0-0: Ball
1-0: Grounds into double play, 3-6-4 (Groundball, 34)
Top of the 9th over - 0 run(s), 1 hit(s), 0 error(s), 0 left on base; Glendale 4 - Lancaster 2
BOTTOM OF THE 9TH
Lancaster Farmers batting - Pitching for Glendale Herons : RHP Guang Wen
Pitching: RHP José Peña
Batting: RHB Henry Womack 0-0: Ball
1-0: Foul Ball, location: 2F
1-1: Swinging Strike
1-2: Strikes out swinging
Batting: LHB Ramón Gómez 0-0: Swinging Strike
0-1: Ball
1-1: Ball
2-1: Called Strike
2-2: Foul Ball, location: 2F
2-2: Ball
3-2: Foul Ball, location: 2F
3-2: DOUBLE (Line Drive, 9LM)
Pinch Hitting: RHB Albert Díaz 0-0: Ball
1-0: Ball
2-0: Called Strike
2-1: Foul Ball, location: 2F
2-2: Ground out 5-3 (Groundball, 56)
Pinch Hitting: LHB Rob Wilson 0-0: Ball
1-0: Foul Ball, location: 2F
1-1: Swinging Strike
1-2: Strikes out swinging
Bottom of the 9th over - 0 run(s), 1 hit(s), 0 error(s), 1 left on base; Glendale 4 - Lancaster 2
Friday, December 30th, 2016 - OOTP Baseball 17.12 Build 75